 Dungeon Crawl Stone Soup version 0.31.0-11-ge490571c62 (webtiles) character file.

Game seed: 10323150816544185807

287 Strat the Trooper (level 6, -1/53 HPs)
             Began as an Armataur Conjurer on Jan 29, 2024.
             Slain by a black bear (3 damage)
             ... on level 4 of the Dungeon.
             The game lasted 00:12:12 (5403 turns).

Strat the Trooper (Armataur Conjurer)               Turns: 5403, Time: 00:12:12

Health: -1/53      AC:  7    Str: 14    XL:     6   Next: 8%
Magic:  1/8        EV:  8    Int: 19    God:
Gold:   289        SH:  0    Dex:  8    Spells: 3/8 levels left

rFire   . . .        a - +1 flail
rCold   + . .        (no shield)
rNeg    . . .        n - +2 ring mail of Vexation {rElec rPois rC+}
rPois   +            (no helmet)
rElec   +            (no cloak)
rCorr   .            (no gloves)
SInv    .            (no barding)
Will    .....        h - amulet of regeneration
Stlth   ++           (no ring)
HPRegen 1.08/turn    (no ring)
MPRegen 0.11/turn

%: roll
@: no status effects
A: large, deformed body, tough skin 3, armoured tail, roll 1
a: no special abilities


You were on level 4 of the Dungeon.
You visited 1 branch of the dungeon, and saw 4 of its levels.

You collected 289 gold pieces.

Inventory:

Hand Weapons
 a - a +1 flail (weapon)
Missiles
 k - 29 stones (quivered)
 t - 3 poisoned darts
Armour
 n - the +2 ring mail of Vexation (worn) {rElec rPois rC+}
   (You found it on level 2 of the Dungeon)

   rC+:       It protects you from cold.
   rElec:     It insulates you from electricity.
   rPois:     It protects you from poison
Jewellery
 h - an amulet of regeneration (around neck)
Wands
 u - a wand of flame (6)
Scrolls
 c - 2 scrolls of fear
 g - 2 scrolls of teleportation
 j - a scroll of identify
 l - a scroll of revelation
 p - a scroll of noise
 q - a scroll of brand weapon
Potions
 b - a potion of magic
 e - 2 potions of brilliance
 m - a potion of lignification
 r - 2 potions of curing


   Skills:
 - Level 4.6 Fighting
 * Level 0.8 Maces & Flails
 - Level 1.3 Dodging
 + Level 3.9 Stealth
 - Level 1.7 Spellcasting
 - Level 3.6 Conjurations


You had 3 spell levels left.
You knew the following spells:

 Your Spells              Type           Power      Damage    Failure   Level
a - Magic Dart            Conj           60%        1d6       9%          1
b - Searing Ray           Conj           30%        2d5       12%         2
c - Blink                 Tloc           2%         N/A       47%         2

Your spell library contained the following spells:

 Spells                   Type           Power      Damage    Failure   Level
 Slow                     Hex            4%         N/A       34%         1
 Call Imp                 Summ           2%         N/A       47%         2
 Confusing Touch          Hex            1%         N/A       71%         3
 Inner Flame              Hex/Fire       1%         N/A       71%         3
 Sigil of Binding         Hex            1%         N/A       71%         3
 Vampiric Draining        Necr           1%         2d6       71%         3
 Flame Wave               Conj/Fire      8%         2d5       86%         4
 Fulminant Prism          Conj/Alch      4%         3d5       86%         4
 Iskenderun's Mystic Bla  Conj/Tloc      8%         2d4       86%         4
 Sticky Flame             Fire/Alch      1%         2d4       98%         4


Dungeon Overview and Level Annotations

Branches:
Dungeon (4/15)
 Temple: D:4-7

Altars:


Innate Abilities, Weirdness & Mutations

Armour fits poorly on your strangely shaped body.
You have extremely tough skin. (AC +3)
You have a long armoured tail.
You regenerate magic when rolling toward enemies. (Rampage MPRegen)


Message History

The black bear is almost dead.
The black bear bites you!
The black bear claws you but does no damage.
The black bear claws you.
* * * LOW HITPOINT WARNING * * *
The black bear bites you!
* * * LOW HITPOINT WARNING * * *
The black bear barely misses you.
The black bear claws you but does no damage.
You hit the black bear.
The black bear is almost dead.
The black bear bites you but does no damage.
The black bear claws you.
* * * LOW HITPOINT WARNING * * *
The black bear barely misses you. The black bear bites you!
* * * LOW HITPOINT WARNING * * *
The black bear claws you but does no damage.
The black bear barely misses you. The black bear completely misses you.
The black bear claws you.
* * * LOW HITPOINT WARNING * * *
The black bear claws you.
* * * LOW HITPOINT WARNING * * *
You feel better. The black bear bites you!
* * * LOW HITPOINT WARNING * * *
The black bear claws you but does no damage.
The black bear claws you.
* * * LOW HITPOINT WARNING * * *
Your magical contamination has completely faded away.
You feel better. The black bear bites you!
* * * LOW HITPOINT WARNING * * *
The black bear claws you but does no damage. x2
The black bear bites you but does no damage.
The black bear barely misses you. x2
Okay, then.
As you read the scroll of fear, it crumbles to dust.
You assume a fearsome visage.
The black bear is unaffected.
The kobold looks frightened!
The black bear bites you.
* * * LOW HITPOINT WARNING * * *
The black bear claws you.
You die...

.....#######.## #.###
.....# #.# #...# .##### #)#
###.# .# ##'## .# .#
##...## ####.#
##########...>.## ......
##....##........## ..##.#
#................####...#.#
..#.###.#.......@h.K.....$#
#................####.....#
#.#.###.#.......## ..####
..#.#:#.#......## .##
#.#.###.#.#...## h#
#.........##'## #..
..#.###.#.##.# #.#
..........##.# #.#
....########.###### #.#


You could see a black bear (berserk) and a kobold (fleeing).

Vanquished Creatures
  2 hounds (D:4)
  An orc priest (D:4)
  A jelly (D:4)
  5 adders
  2 ufetubi (D:4)
  2 dart slugs
  4 ribbon worms
  5 orcs
  10 ball pythons
  4 bats
  5 endoplasms
  A giant cockroach (D:1)
  8 goblins
  15 hobgoblins
  4 jackals (D:3)
  6 kobolds
  3 quokkas
  3 frilled lizards
  7 rats
88 creatures vanquished.

Notes
Turn   | Place    | Note
-------+----------+-------------------------------------------
     0 | D:1      | Strat the Armataur Conjurer began the quest for the Orb.
     0 | D:1      | Reached XP level 1. HP: 14/14 MP: 3/3
    50 | D:1      | Reached skill level 1 in Fighting
   236 | D:1      | Reached XP level 2. HP: 23/23 MP: 0/4
   263 | D:1      | Learned a level 2 spell: Searing Ray
   465 | D:1      | Reached skill level 2 in Fighting
  1259 | D:2      | Reached XP level 3. HP: 30/30 MP: 2/5
  1569 | D:2      | Reached skill level 3 in Fighting
  1656 | D:2      | Found a faded altar of an unknown god.
  1877 | D:2      | Reached XP level 4. HP: 38/38 MP: 2/6
  1995 | D:2      | Identified the +2 ring mail of Vexation {rElec rPois rC+}
  4111 | D:4      | Reached skill level 4 in Fighting
  4111 | D:4      | Reached XP level 5. HP: 46/46 MP: 2/7
  4161 | D:4      | Learned a level 2 spell: Blink
  4620 | D:4      | Noticed a black bear
  4809 | D:4      | Identified the +0 robe of Qoplol {Fly Stlth+}
  5227 | D:4      | Reached XP level 6. HP: 47/53 MP: 5/8
  5403 | D:4      | HP: 2/53 [black bear (5)]
  5403 | D:4      | Slain by a black bear

Illustrated notes

Levels and vault maps discovered:
D:1:      spicycebolla_green_bress_n_ham_2, layout_basic,
          minmay_strange_pillars, st_stairs_4, chequers_serial_rivers_micro_b
D:2:      layout_basic, ebering_ecumenical_altar_abandoned, minmay_circle_x
D:3:      layout_basic
D:4:      layout_loops_corners, minmay_surrounded

Skill      XL: |  1  2  3  4 |
---------------+-------------+-----
Fighting       | 1 2 3 4 |  4.6
Stealth        | 3 |  3.9
Maces & Flails | |  0.8
Dodging        | |  1.3
Spellcasting   | |  1.7
Conjurations   | |  3.6

Action                     |  1- 3 |  4- 6 || total
---------------------------+-------+-------++-------
  Melee: Dagger            |    22 |       ||    22
         Tailslap          |     3 |     5 ||     8
         Short sword       |     3 |       ||     3
         Trident           |    38 |     4 ||    42
         Flail             |       |    40 ||    40
         Punch             |       |     1 ||     1
   Cast: Magic Dart        |    17 |       ||    17
         Searing Ray       |    21 |    37 ||    58
  Evoke: Wand              |       |     1 ||     1
    Use: Scroll            |       |    11 ||    11
         Potion            |       |     2 ||     2
   Stab: Sleeping          |     2 |       ||     2
 Armour: Robe              |    54 |       ||    54
         Ring mail         |       |    92 ||    92
  Dodge: Dodged            |    53 |    46 ||    99
